Get step-by-step instructions on how to execute this build order below. Start the game timer, and the build order will tick by so you can play in parallel with StarCraft on a second screen or mobile device.

Game Time

  0:00

Last Step

  N/A

Next Step

  12  0:00  SCV  

Upcoming Step

  13  0:12  SCV  

Don't want to look back and forth between 2 screens? Try out our Overwolf App, the Spawning Tool Build Advisor to get an in-game overlay with this build!

Complete Build Order

  12  0:00  SCV  
  13  0:12  SCV  
  14  0:17  Supply Depot  
  14  0:25  SCV  
  15  0:28  Refinery  
  15  0:39  SCV  
  16  0:44  Barracks  
  16  0:51  SCV  
  16  0:55  Refinery  
  17  1:03  SCV  
  18  1:15  SCV  
  19  1:32  Orbital Command, Factory  
  19  1:35  Reaper  
  20  1:42  Supply Depot  
  20  1:58  SCV  
  21  2:07  Reaper  
  22  2:10  SCV  
  25  2:15  Hellion  
  25  2:17  Starport  
  25  2:22  SCV  
  26  2:25  Supply Depot  
  26  2:34  SCV  
  29  2:37  Widow Mine  
  29  2:39  Barracks Tech Lab  
  29  2:46  SCV  
  30  2:58  Command Center  
  30  3:04  Banshee  
  33  3:07  Barracks Reactor  
  33  3:10  Factory Tech Lab  
  34  3:12  SCV  
  34  3:19  Supply Depot  
  34  3:25  SCV  
  35  3:31  Refinery, Siege Tank  
  38  3:37  SCV  
  39  3:43  Marine  
  39  3:44  Marine  
  41  3:49  SCV  
  42  3:57  Raven  
  42  4:01  SCV, Marine x2  
  47  4:10  Orbital Command  
  47  4:13  SCV  
  47  4:16  Siege Tank  
  51  4:25  SCV, Marine x2  
  51  4:35  Supply Depot  
  51  4:37  SCV x2  
  53  4:49  SCV x2  
  53  4:50  Viking x2  
  53  4:52  Siege Tank  
  62  4:56  Marine  
  62  4:58  Supply Depot  
  63  5:02  SCV  
  63  5:03  SCV  
  65  5:14  Marine  
  65  5:15  SCV x2  
  65  5:20  Viking x2  
  72  5:27  SCV  
  73  5:31  SCV  
  73  5:33  Marine  
  75  5:39  SCV  
  75  5:41  Command Center  
  76  5:47  SCV  
  76  5:48  Supply Depot  
  77  5:54  Supply Depot, Siege Tank  
  77  5:56  Viking  
  82  6:01  Viking  
  82  6:02  SCV  
  85  6:04  SCV  
  85  6:10  Marine  
  87  6:14  SCV  
  87  6:16  SCV  
  87  6:26  SCV, Siege Tank  
  87  6:27  Marine  
  87  6:30  Refinery  
  87  6:31  Supply Depot  
  92  6:35  Viking x2  
  96  6:40  SCV  
  96  6:45  Marine  
  98  6:47  Stimpack  
  98  6:52  SCV  
  99  6:59  SCV, Siege Tank  
  99  7:00  Orbital Command  
  101  7:03  Marine  
  101  7:07  Viking x2  
  106  7:14  SCV x2  
  108  7:21  Marine  
  109  7:26  SCV  
  110  7:31  SCV x2, Siege Tank  
  115  7:38  SCV  
  115  7:39  Marine  
  115  7:43  SCV, Viking x2  
  116  7:52  SCV  
  116  7:53  Barracks  
  116  7:54  Barracks  
  116  7:56  Marine  
  116  8:01  SCV  
  116  8:03  SCV, Siege Tank  
  119  8:10  SCV  
  120  8:13  SCV, Liberator  
  120  8:14  Marine  
  120  8:19  Supply Depot  
  125  8:20  Supply Depot x2  
  125  8:23  SCV  
  124  8:30  SCV  
  125  8:34  Engineering Bay  
  125  8:36  Engineering Bay  
  125  8:41  Viking, SCV, Marine  
  128  8:43  Barracks Tech Lab  
  128  8:44  Barracks Reactor, Siege Tank  
  128  8:48  SCV  
  133  8:52  SCV  
  133  8:53  SCV  
  135  8:59  Marine  
  135  9:00  SCV  
  135  9:02  Marauder  
  141  9:08  SCV x2